 Dungeon Crawl Stone Soup version 0.31.0-12-g77e489cdc1 (webtiles) character file.

Game seed: 1388552118681514303

3089 Doomgape the Grappler (level 9, -7/93 HPs)
             Began as a Troll Fighter on Mar 4, 2024.
             Was an Initiate of Hepliaklqana.
             Killed from afar by a steam dragon (9 damage)
             ... with a ball of steam
             ... on level 7 of the Dungeon.
             The game lasted 00:12:48 (5007 turns).

Doomgape the Grappler (Troll Fighter)               Turns: 5007, Time: 00:12:49

Health: -7/93      AC:  4    Str: 30    XL:     9   Next: 59%
Magic:  8/8        EV: 10    Int:  4    God:    Hepliaklqana [......]
Gold:   267        SH:  8    Dex:  9    Spells: 8/8 levels left

rFire   . .          .
                       - Unarmed
rCold   . . .        b - +1 kite shield
rNeg    . . .        a - +0 robe
rPois   .            (helmet restricted)
rElec   .            (no cloak)
rCorr   .            (gloves unavailable)
SInv    +            (boots unavailable)
Will    .....        (no amulet)
Stlth   +            A - ring "Raikkog" {Slay+2 SInv}
HPRegen 1.15/turn    (no ring)
MPRegen 0.11/turn

%: no passive effects
@: no status effects
A: large, unfitting armour, claws 3, regeneration 1, shaggy fur 1, tough skin 1
a: Renounce Religion


You were on level 7 of the Dungeon.
You worshipped Hepliaklqana.
Hepliaklqana was noncommittal.
You visited 1 branch of the dungeon, and saw 7 of its levels.

You collected 267 gold pieces.

Inventory:

Missiles
 h - 2 throwing nets (quivered)
Armour
 a - a +0 robe (worn)
 b - a +1 kite shield (worn)
Jewellery
 A - the ring "Raikkog" (left claw) {Slay+2 SInv}
   (You found it on level 6 of the Dungeon)

   [ring of see invisible]

   Slay+2:    It affects your accuracy & damage with ranged weapons and melee
   (+2).
   SInv:      It lets you see invisible.
Wands
 o - a wand of charming (10)
 p - a wand of quicksilver (4)
 v - a wand of flame (18)
 x - a wand of polymorph (20)
Scrolls
 d - 2 scrolls of torment {unknown}
 e - 3 scrolls of identify
 g - 4 scrolls of noise
 j - 2 scrolls of immolation {unknown}
 k - a scroll of poison {unknown}
 l - 2 scrolls of teleportation
 m - a scroll of silence {unknown}
 q - a scroll of blinking {unknown}
 w - 2 scrolls of revelation
 y - a scroll of amnesia {unknown}
Potions
 c - a potion of might
 f - a potion of heal wounds {unknown}
 i - 4 potions of mutation
 n - a potion of enlightenment {unknown}
 r - a potion of brilliance {unknown}
 u - 3 potions of lignification {unknown}
 z - a potion of haste {unknown}


   Skills:
 + Level 7.0 Fighting
 + Level 6.9 Dodging
 - Level 2.6 Shields
 + Level 8.0 Unarmed Combat


You had 8 spell levels left.
You didn't know any spells.
Your spell library contained the following spells:

 Spells                   Type           Power      Damage    Failure   Level
 Ensorcelled Hibernation  Hex/Ice        0%         N/A       86%         2
 Mercury Vapours          Alch/Air       0%         N/A       86%         2
 Mephitic Cloud           Conj/Alch/Air  0%         N/A       97%         3
 Passwall                 Erth           0%         N/A       97%         3
 Swiftness                Air            0%         N/A       97%         3
 Freezing Cloud           Conj/Ice/Air   0%         6-21      100%        5
 Haunt                    Necr/Summ      0%         N/A       100%        7
 Borgnjor's Revivificati  Necr           0%         N/A       100%        8
 Death's Door             Necr           0%         N/A       100%        9


Dungeon Overview and Level Annotations

Branches:
Dungeon (7/15)
 Temple: D:4-7

Altars:
Elyvilon
Hepliaklqana
Qazlal

Shops:
D:4 [   D:5 !


Innate Abilities, Weirdness & Mutations

You are too large for most types of armour.
You have claws for hands.
Your natural rate of healing is unusually fast.
You are covered in fur. (AC +1)
You have tough skin. (AC +1)


Message History

You miss the kobold. The kobold barely misses you.
You scratch the kobold.
The kobold is severely wounded.
The kobold hits you but does no damage.
You mangle the kobold!!
You kill the kobold!
You claw the shadow imp!
You kill the shadow imp!
The steam dragon breathes steam at you. The ball of steam hits you!
You are engulfed in a cloud of scalding steam.
* * * LOW HITPOINT WARNING * * *
You block the gnoll's attack.
The steam dragon bites you but does no damage.
The steam dragon barely misses you.
The gnoll bouda hits you but does no damage.
Items here: ( )))))))) †††.
You barely miss the steam dragon.
You are engulfed in a cloud of scalding steam.
The gnoll closely misses you.
The steam dragon bites you but does no damage.
You block the steam dragon's attack.
Unknown command.
You scratch the steam dragon.
The steam dragon is lightly wounded.
You are engulfed in a cloud of scalding steam.
* * * LOW HITPOINT WARNING * * *
You block the gnoll's attack. The steam dragon bites you!
* * * LOW HITPOINT WARNING * * *
You block the steam dragon's attack.
The gnoll bouda hits you with a +0 whip.
* * * LOW HITPOINT WARNING * * *
You scratch the steam dragon but do no damage.
The steam dragon is lightly wounded.
The gnoll completely misses you.
The gnoll bouda hits you with a +0 whip!
* * * LOW HITPOINT WARNING * * *
The steam dragon breathes steam at you. The ball of steam hits you!
You die...

# ##..#..####............
...#....#...............
.........gg.....[.........
.....####.J##.............
##### ##o...........#.#.
###.....######.##
##.g.##..# #Dg###...# #@##
#...# #§# #..<# #......§#
#...# #....#### #...# ....
#.. ##


You could see a steam dragon (catching breath), a gnoll bouda and a gnoll
(swift).

Vanquished Creatures
  Pikel (D:5)
  Prince Ribbit (D:5)
  Eustachio (D:4)
  A steam dragon (D:6)
  A water moccasin (D:5)
  Duvessa (D:4)
  2 ice beasts (D:5)
  2 ogres
  3 black bears
  A centaur (D:6)
  A phantom (D:4)
  A kobold brigand (D:7)
  Blork the orc (D:5)
  A bullfrog (D:7)
  2 scorpions (D:5)
  Dowan (D:4)
  5 killer bees
  A howler monkey (D:6)
  2 bombardier beetles
  2 hounds
  A gnoll bouda (D:5)
  3 iguanas
  2 jellies
  Ijyb (D:5)
  2 orc wizards (D:4)
  14 gnolls
  2 adders
  2 shadow imps
  A white imp (D:7)
  3 ribbon worms (D:4)
  4 orcs
  6 bats
  4 endoplasms
  6 goblins
  4 hobgoblins
  8 jackals
  3 quokkas
  9 ball pythons
  A frilled lizard (D:3)
  8 kobolds
  3 rats
118 creatures vanquished.

Notes
Turn   | Place    | Note
-------+----------+-------------------------------------------
     0 | D:1      | Doomgape the Troll Fighter began the quest for the Orb.
     0 | D:1      | Reached XP level 1. HP: 22/22 MP: 0/0
   867 | D:2      | Reached XP level 2. HP: 29/29 MP: 1/1
  1139 | D:2      | Reached XP level 3. HP: 36/36 MP: 2/2
  1156 | D:2      | Reached XP level 4. HP: 21/45 MP: 3/3
  1352 | D:2      | You fall into a shaft and drop 1 floor!
  1369 | D:3      | Reached skill level 3 in Unarmed Combat
  1468 | D:3      | Noticed a black bear
  1479 | D:3      | Killed a black bear
  1480 | D:3      | Reached XP level 5. HP: 51/53 MP: 4/4
  1856 | D:4      | Noticed Eustachio
  1910 | D:4      | Killed Eustachio
  1911 | D:4      | Reached skill level 4 in Unarmed Combat
  1911 | D:4      | Reached XP level 6. HP: 29/62 MP: 5/5
  2032 | D:4      | Noticed Dowan
  2039 | D:4      | Killed Dowan
  2497 | D:4      | Noticed Duvessa
  2514 | D:4      | HP: 3/62 [Duvessa/+0 short sword (11)]
  2519 | D:4      | Killed Duvessa
  2520 | D:4      | Reached XP level 7. HP: 9/71 MP: 6/6
  2669 | D:4      | Found Abruet's Armour Shop.
  2861 | D:5      | Entered Level 5 of the Dungeon
  2869 | D:5      | Reached skill level 5 in Unarmed Combat
  2882 | D:5      | Found Resch's Distillery.
  3119 | D:5      | Reached skill level 5 in Fighting
  3308 | D:5      | Reached skill level 5 in Dodging
  3308 | D:5      | Reached XP level 8. HP: 80/80 MP: 7/7
  3316 | D:5      | Noticed Blork the orc
  3324 | D:5      | Killed Blork the orc
  3430 | D:5      | Reached skill level 6 in Unarmed Combat
  3477 | D:5      | Noticed Pikel
  3489 | D:5      | Killed Pikel
  3735 | D:5      | Noticed Ijyb
  3736 | D:5      | Noticed Prince Ribbit
  3772 | D:5      | Killed Ijyb
  3777 | D:5      | Reached skill level 7 in Unarmed Combat
  3777 | D:5      | Reached XP level 9. HP: 89/89 MP: 8/8
  3812 | D:5      | Killed Prince Ribbit
  4127 | D:6      | Identified the ring "Raikkog" {Slay+2 SInv}
  4134 | D:6      | Found a stormy altar of Qazlal.
  4283 | D:6      | Found a white marble altar of Elyvilon.
  4500 | D:6      | Found a faded altar of an unknown god.
  4500 | D:6      | Found a faded altar of an unknown god.
  4502 | D:6      | Found a hazy altar of Hepliaklqana.
  4520 | D:6      | Became a worshipper of Hepliaklqana the Forgotten
  4994 | D:7      | Reached skill level 8 in Unarmed Combat
  5007 | D:7      | HP: 2/93 [gnoll bouda/+0 whip (10)]
  5007 | D:7      | Killed from afar by a steam dragon

Illustrated notes

Levels and vault maps discovered:
D:1:      sevenhm_arrival_forest_fort_small_1, layout_loops_ring,
          dreamdust_princess_bridge, nicolae_eternal_life,
          amcnicky_mini_pool_small, kennysheep_small_spiral
D:2:      layout_rooms
D:3:      layout_basic, basic_ecumenical_altar
D:4:      layout_loops_ring, serial_shops, nicolae_shop_tiny_real_fake_doors,
          uniq_duvessa, uniq_eustachio
D:5:      layout_loops_corners, serial_shops, nicolae_shop_trees,
          uniq_blork_the_orc, uniq_ijyb, uniq_prince_ribbit1, uniq_pikel
D:6:      layout_loops_ring, lemuel_round_altar, lemuel_crystal_altar,
          nicolae_hepliaklqana_ecumenical_no_more
D:7:      layout_rooms, nzn_wu_jian_contemplation,
          minmay_temple_entry_butterflies

Skill      XL: |  1  2  3  4  5  6  7  8  9 |
---------------+----------------------------+-----
Fighting       | 3 4 5 6 7 |  7.0
Dodging        | 3 4 5 6 |  6.9
Unarmed Combat | 3 4 5 7 8 |  8.0
Shields        | |  2.6

Action                     |  1- 3 |  4- 6 |  7- 9 || total
---------------------------+-------+-------+-------++-------
  Melee: Unarmed           |    66 |   128 |   202 ||   396
  Evoke: Wand              |       |       |     3 ||     3
    Use: Scroll            |     1 |     5 |     1 ||     7
         Potion            |       |     2 |     2 ||     4
   Stab: Sleeping          |       |     1 |       ||     1
 Armour: Robe              |    36 |   126 |   147 ||   309
  Dodge: Dodged            |    27 |    83 |    77 ||   187
  Block: Kite shield       |    16 |    76 |    79 ||   171
